[ PARTIDA AOE2 · #484219493 ]
UnrankedBúlgaros vs Persians
[ ANÁLISIS DE REPETICIÓN · EXTRAÍDO DE LA PARTIDA GRABADA ]
Feudal
15:07
Castillos
20:36
Imperial
42:36
| APM promedio | 15.3 |
| APM pico | 31 |
| eAPM promedio | 10.8 |
| Aldeanos / militares | 60 / 56 |
Foco
⚔️ 37.6% · 🌾 62.4%
Spearman ×46 · Konnik ×4 · Fishing Ship ×4 · Petard ×2 · Militia ×2 · Mangonel ×1
Feudal
11:40
Castillos
21:01
Imperial
36:11
| APM promedio | 32.8 |
| APM pico | 69 |
| eAPM promedio | 19.7 |
| Aldeanos / militares | 108 / 54 |
Foco
⚔️ 26.8% · 🌾 73.2%
Fishing Ship ×28 · Camel Scout ×18 · Knight ×17 · Galley ×8 · Trebuchet (Packed) ×6 · Monk ×2
Feudal
14:55
Castillos
18:51
Imperial
—
| APM promedio | 32.5 |
| APM pico | 85 |
| eAPM promedio | 23.5 |
| Aldeanos / militares | 117 / 43 |
Foco
⚔️ 30.7% · 🌾 69.3%
Unknown (1974) ×40 · Unknown (1968) ×34 · Battering Ram ×23 · Fishing Ship ×16 · Fire Galley ×15 · Spearman ×3
Feudal
12:56
Castillos
21:40
Imperial
40:27
| APM promedio | 32.1 |
| APM pico | 69 |
| eAPM promedio | 14.3 |
| Aldeanos / militares | 64 / 94 |
Foco
⚔️ 32.3% · 🌾 67.7%
Galley ×72 · Fishing Ship ×40 · Trade Cog ×31 · Mangudai ×22
Feudal
12:41
Castillos
18:10
Imperial
31:43
| APM promedio | 43.3 |
| APM pico | 115 |
| eAPM promedio | 21.0 |
| Aldeanos / militares | 116 / 144 |
Foco
⚔️ 22.4% · 🌾 77.6%
Spearman ×97 · Knight ×42 · Fishing Ship ×7 · Trebuchet (Packed) ×4 · Monk ×1
Feudal
14:14
Castillos
18:27
Imperial
31:01
| APM promedio | 27.6 |
| APM pico | 54 |
| eAPM promedio | 16.2 |
| Aldeanos / militares | 133 / 78 |
Foco
⚔️ 18.4% · 🌾 81.6%
Mameluke ×43 · Scout Cavalry ×31 · Fishing Ship ×6 · Trebuchet (Packed) ×4
Mapa de la partida
Recursos iniciales + cada clic de construcción. Líneas = muros · curvas = relieve. ◆ oro · ⬟ piedra · ● bayas · ✦ reliquia · ◌ hueco del cierre
Tu base· Abierta — flanco sin cerrar
Base de Leo713· Abierta — hueco de 12t
Base de drkbeer· Abierta — hueco de 6t
Base de 02288· Abierta — flanco sin cerrar
Base de thebossman· Abierta — flanco sin cerrar
Base de 十年仍菜· Abierta — hueco de 8t
Terreno inicial suavizado · ◌ = hueco del cierre detectado · pasá el cursor para detalles
Inputs por minuto
— CKWeather - - Leo713
Build order — CKWeather
Primeras 150 de 202 acciones detectadas
| 0:04 | Construir | Dock |
| 0:14 | Construir | Town Center |
| 0:19 | Construir | House |
| 0:58 | Construir | House |
| 2:47 | Crear | Villager (Male) |
| 2:47 | Crear | Villager (Male) |
| 2:57 | Crear | Villager (Male) |
| 3:20 | Crear | Villager (Male) |
| 3:47 | Crear | Villager (Male) |
| 4:36 | Construir | House |
| 4:41 | Investigar | Loom |
| 5:01 | Crear | Villager (Male) |
| 5:26 | Crear | Villager (Male) |
| 6:08 | Crear | Villager (Male) |
| 6:27 | Crear | Villager (Male) |
| 6:37 | Crear | Villager (Male) |
| 7:19 | Crear | Villager (Male) |
| 7:31 | Construir | House |
| 7:35 | Crear | Villager (Male) |
| 7:47 | Crear | Villager (Male) |
| 8:33 | Crear | Villager (Male) |
| 8:38 | Construir | Lumber Camp |
| 9:00 | Crear | Villager (Male) |
| 9:21 | Crear | Villager (Male) |
| 9:32 | Construir | House |
| 9:46 | Crear | Villager (Male) |
| 9:52 | Construir | Palisade Wall |
| 10:12 | Construir | Outpost |
| 10:19 | Crear | Villager (Male) |
| 10:22 | Crear | Fishing Ship |
| 10:39 | Construir | Outpost |
| 10:42 | Crear | Villager (Male) |
| 11:01 | Crear | Villager (Male) |
| 11:19 | Construir | House |
| 11:20 | Crear | Villager (Male) |
| 11:31 | Construir | Mining Camp |
| 11:41 | Crear | Fishing Ship |
| 12:06 | Crear | Villager (Male) |
| 12:31 | Crear | Villager (Male) |
| 12:43 | Construir | Mining Camp |
| 12:57 | Investigar | Feudal Age |
| 13:10 | Construir | Barracks |
| 13:15 | Construir | Barracks |
| 13:18 | Construir | House |
| 13:39 | Crear | Villager (Male) |
| 13:39 | Crear | Villager (Male) |
| 13:42 | Crear | Fishing Ship |
| 13:49 | Construir | House |
| 15:07 | Edad | Edad Feudal |
| 15:10 | Construir | Blacksmith |
| 15:13 | Construir | House |
| 16:09 | Investigar | Town Watch |
| 16:51 | Construir | Stable |
| 17:00 | Construir | Mill |
| 17:06 | Crear | Villager (Male) |
| 17:27 | Crear | Fishing Ship |
| 17:53 | Construir | Dock |
| 17:56 | Investigar | Castle Age |
| 18:07 | Investigar | Fletching |
| 18:26 | Crear | Militia |
| 18:45 | Construir | Farm |
| 18:47 | Construir | Farm |
| 18:51 | Construir | Farm |
| 18:54 | Construir | Farm |
| 18:57 | Construir | Farm |
| 18:59 | Construir | Farm |
| 19:03 | Construir | Farm |
| 19:22 | Investigar | Scale Barding Armor |
| 19:45 | Construir | House |
| 19:58 | Crear | Villager (Male) |
| 20:16 | Crear | Spearman |
| 20:31 | Investigar | Scale Mail Armor |
| 20:36 | Edad | Edad de los Castillos |
| 20:40 | Construir | Krepost |
| 20:54 | Investigar | Pikeman (upgrade) |
| 21:03 | Construir | Mill |
| 21:17 | Crear | Villager (Male) |
| 22:35 | Construir | Krepost |
| 22:59 | Crear | Spearman |
| 23:07 | Investigar | Forging |
| 23:09 | Investigar | Bodkin Arrow |
| 23:15 | Crear | Petard |
| 23:31 | Crear | Spearman |
| 23:40 | Investigar | Chain Mail Armor |
| 23:41 | Crear | Villager (Male) |
| 23:47 | Crear | Militia |
| 23:48 | Crear | Spearman |
| 23:49 | Investigar | Arson |
| 23:50 | Investigar | Squires |
| 23:58 | Construir | Farm |
| 24:23 | Crear | Petard |
| 24:32 | Construir | Siege Workshop |
| 24:48 | Investigar | Iron Casting |
| 24:49 | Crear | Villager (Male) |
| 24:49 | Crear | Villager (Male) |
| 25:17 | Crear | Battering Ram |
| 25:26 | Investigar | Horse Collar |
| 25:33 | Crear | Villager (Male) |
| 25:35 | Crear | Spearman |
| 25:53 | Crear | Spearman |
| 26:21 | Crear | Spearman |
| 26:22 | Crear | Villager (Male) |
| 26:22 | Crear | Villager (Male) |
| 26:56 | Crear | Konnik |
| 26:56 | Crear | Konnik |
| 28:26 | Investigar | Chain Barding Armor |
| 28:53 | Crear | Spearman |
| 28:53 | Crear | Spearman |
| 28:53 | Crear | Spearman |
| 29:00 | Crear | Konnik |
| 29:00 | Crear | Konnik |
| 29:04 | Crear | Villager (Male) |
| 29:57 | Crear | Villager (Male) |
| 30:05 | Construir | Town Center |
| 30:34 | Crear | Villager (Male) |
| 30:39 | Construir | Farm |
| 30:53 | Crear | Villager (Male) |
| 30:57 | Construir | Barracks |
| 31:14 | Crear | Spearman |
| 31:29 | Crear | Villager (Male) |
| 31:29 | Crear | Villager (Male) |
| 31:32 | Investigar | Double-Bit Axe |
| 31:52 | Crear | Spearman |
| 31:52 | Crear | Spearman |
| 31:55 | Crear | Villager (Male) |
| 32:00 | Crear | Villager (Male) |
| 32:11 | Crear | Mangonel |
| 32:14 | Crear | Spearman |
| 32:17 | Construir | House |
| 32:18 | Construir | House |
| 32:23 | Crear | Spearman |
| 32:23 | Crear | Spearman |
| 32:26 | Crear | Villager (Male) |
| 32:46 | Construir | Lumber Camp |
| 32:51 | Crear | Spearman |
| 32:51 | Crear | Spearman |
| 32:52 | Crear | Villager (Male) |
| 32:53 | Crear | Villager (Male) |
| 32:58 | Investigar | Bloodlines |
| 32:59 | Investigar | Husbandry |
| 33:25 | Crear | Villager (Male) |
| 33:26 | Crear | Villager (Male) |
| 33:29 | Construir | Farm |
| 33:31 | Construir | Farm |
| 33:38 | Construir | Farm |
| 33:56 | Crear | Villager (Male) |
| 33:59 | Crear | Villager (Male) |
| 34:08 | Construir | Castle |
| 34:12 | Construir | Mill |
| 34:14 | Crear | Villager (Male) |
Build order — Leo713
Primeras 150 de 315 acciones detectadas
| 0:17 | Construir | Town Center |
| 1:13 | Construir | Dock |
| 1:14 | Construir | House |
| 2:31 | Crear | Fishing Ship |
| 2:31 | Crear | Fishing Ship |
| 2:32 | Crear | Villager (Male) |
| 2:32 | Crear | Villager (Male) |
| 2:33 | Crear | Villager (Male) |
| 2:33 | Crear | Villager (Male) |
| 2:33 | Crear | Villager (Male) |
| 4:00 | Crear | Villager (Male) |
| 4:01 | Crear | Villager (Male) |
| 4:14 | Construir | House |
| 4:18 | Crear | Villager (Male) |
| 4:18 | Crear | Villager (Male) |
| 4:27 | Crear | Villager (Male) |
| 4:27 | Crear | Villager (Male) |
| 4:42 | Construir | House |
| 5:09 | Crear | Villager (Male) |
| 5:09 | Crear | Villager (Male) |
| 5:42 | Crear | Fishing Ship |
| 5:44 | Crear | Villager (Male) |
| 5:44 | Crear | Villager (Male) |
| 6:14 | Crear | Villager (Male) |
| 6:15 | Crear | Villager (Male) |
| 6:24 | Crear | Villager (Male) |
| 6:24 | Crear | Villager (Male) |
| 6:30 | Crear | Fishing Ship |
| 6:30 | Crear | Fishing Ship |
| 6:43 | Construir | House |
| 7:07 | Construir | Palisade Gate |
| 7:13 | Crear | Villager (Male) |
| 7:34 | Crear | Fishing Ship |
| 7:49 | Crear | Villager (Male) |
| 8:06 | Crear | Villager (Male) |
| 8:10 | Crear | Fishing Ship |
| 8:13 | Construir | House |
| 8:28 | Construir | House |
| 8:38 | Construir | Mill |
| 8:39 | Crear | Villager (Male) |
| 9:05 | Construir | House |
| 9:36 | Investigar | Feudal Age |
| 9:37 | Investigar | Feudal Age |
| 9:40 | Crear | Fishing Ship |
| 10:16 | Construir | Dock |
| 10:22 | Crear | Fishing Ship |
| 10:29 | Crear | Villager (Male) |
| 10:46 | Construir | House |
| 10:58 | Crear | Fishing Ship |
| 11:21 | Construir | Palisade Gate |
| 11:40 | Edad | Edad Feudal |
| 11:42 | Crear | Galley |
| 11:43 | Crear | Galley |
| 11:46 | Crear | Villager (Male) |
| 11:48 | Construir | Palisade Wall |
| 12:15 | Construir | Blacksmith |
| 12:20 | Crear | Villager (Male) |
| 12:45 | Crear | Galley |
| 12:45 | Crear | Galley |
| 12:50 | Crear | Villager (Male) |
| 12:54 | Construir | Blacksmith |
| 12:57 | Construir | Palisade Wall |
| 12:59 | Crear | Villager (Male) |
| 13:08 | Crear | Villager (Male) |
| 13:19 | Construir | House |
| 13:24 | Investigar | Loom |
| 13:28 | Crear | Galley |
| 13:35 | Crear | Galley |
| 13:36 | Crear | Villager (Male) |
| 13:38 | Construir | House |
| 13:44 | Construir | Palisade Gate |
| 13:46 | Crear | Villager (Male) |
| 13:48 | Construir | House |
| 13:57 | Construir | Palisade Gate |
| 14:02 | Construir | Palisade Wall |
| 14:03 | Crear | Villager (Male) |
| 14:16 | Crear | Villager (Male) |
| 14:22 | Construir | Lumber Camp |
| 14:28 | Crear | Villager (Male) |
| 14:45 | Crear | Galley |
| 14:45 | Crear | Galley |
| 14:52 | Crear | Villager (Male) |
| 14:57 | Investigar | Fletching |
| 15:07 | Construir | Mining Camp |
| 15:15 | Construir | House |
| 15:16 | Construir | House |
| 15:20 | Investigar | Double-Bit Axe |
| 15:20 | Investigar | Double-Bit Axe |
| 15:21 | Crear | Villager (Male) |
| 15:38 | Crear | Fishing Ship |
| 15:38 | Crear | Fishing Ship |
| 16:08 | Construir | Outpost |
| 16:11 | Crear | Villager (Male) |
| 16:18 | Construir | Market |
| 16:26 | Crear | Fishing Ship |
| 16:26 | Crear | Fishing Ship |
| 16:29 | Crear | Villager (Male) |
| 16:32 | Construir | House |
| 16:58 | Crear | Villager (Male) |
| 17:03 | Crear | Fishing Ship |
| 17:03 | Crear | Fishing Ship |
| 17:24 | Crear | Villager (Male) |
| 17:45 | Crear | Fishing Ship |
| 17:45 | Crear | Fishing Ship |
| 17:49 | Crear | Villager (Male) |
| 18:32 | Crear | Fishing Ship |
| 18:32 | Crear | Fishing Ship |
| 18:35 | Investigar | Castle Age |
| 18:35 | Investigar | Castle Age |
| 18:42 | Construir | Barracks |
| 18:59 | Construir | Dock |
| 19:04 | Crear | Fishing Ship |
| 19:04 | Crear | Fishing Ship |
| 19:09 | Construir | House |
| 19:10 | Construir | House |
| 19:20 | Crear | Villager (Male) |
| 19:54 | Construir | Stable |
| 20:18 | Construir | House |
| 20:19 | Construir | House |
| 20:29 | Crear | Fishing Ship |
| 20:29 | Crear | Fishing Ship |
| 20:29 | Crear | Fishing Ship |
| 20:30 | Crear | Villager (Male) |
| 21:01 | Edad | Edad de los Castillos |
| 21:11 | Construir | Castle |
| 21:18 | Construir | Castle |
| 21:26 | Crear | Villager (Male) |
| 21:27 | Investigar | Bow Saw |
| 21:27 | Investigar | Bow Saw |
| 21:42 | Investigar | War Galley (upgrade) |
| 21:43 | Investigar | War Galley (upgrade) |
| 22:00 | Construir | Monastery |
| 22:05 | Crear | Villager (Male) |
| 22:05 | Crear | Villager (Male) |
| 22:06 | Crear | Villager (Male) |
| 22:17 | Investigar | Bodkin Arrow |
| 22:40 | Construir | Town Center |
| 23:03 | Construir | Farm |
| 23:04 | Construir | Farm |
| 23:09 | Crear | Villager (Male) |
| 23:30 | Construir | Farm |
| 23:35 | Crear | Villager (Male) |
| 23:36 | Crear | Villager (Male) |
| 23:44 | Crear | Villager (Male) |
| 23:53 | Crear | Villager (Male) |
| 23:54 | Crear | Villager (Male) |
| 24:01 | Construir | Farm |
| 24:02 | Construir | Farm |
| 24:04 | Construir | Farm |
| 24:07 | Crear | Villager (Male) |
Build order — drkbeer
Primeras 150 de 363 acciones detectadas
| 0:12 | Construir | Town Center |
| 2:25 | Construir | House |
| 2:26 | Crear | Villager (Male) |
| 2:26 | Crear | Villager (Male) |
| 2:26 | Crear | Villager (Male) |
| 2:26 | Crear | Villager (Male) |
| 2:27 | Crear | Villager (Male) |
| 3:39 | Crear | Villager (Male) |
| 3:39 | Crear | Villager (Male) |
| 4:10 | Construir | Dock |
| 4:12 | Construir | House |
| 4:20 | Crear | Villager (Male) |
| 4:20 | Crear | Villager (Male) |
| 4:47 | Crear | Villager (Male) |
| 5:06 | Crear | Villager (Male) |
| 5:30 | Crear | Fishing Ship |
| 5:30 | Crear | Fishing Ship |
| 5:58 | Crear | Fishing Ship |
| 5:58 | Crear | Fishing Ship |
| 6:10 | Crear | Villager (Male) |
| 6:10 | Crear | Villager (Male) |
| 6:40 | Crear | Villager (Male) |
| 6:40 | Crear | Villager (Male) |
| 6:44 | Crear | Fishing Ship |
| 6:44 | Crear | Fishing Ship |
| 6:54 | Construir | House |
| 7:08 | Crear | Villager (Male) |
| 7:36 | Crear | Villager (Male) |
| 7:36 | Crear | Villager (Male) |
| 7:44 | Crear | Fishing Ship |
| 7:44 | Crear | Fishing Ship |
| 8:02 | Crear | Villager (Male) |
| 8:02 | Crear | Villager (Male) |
| 8:02 | Crear | Villager (Male) |
| 8:03 | Crear | Villager (Male) |
| 8:11 | Construir | House |
| 8:19 | Crear | Villager (Male) |
| 8:19 | Crear | Villager (Male) |
| 8:31 | Construir | House |
| 9:04 | Crear | Villager (Male) |
| 9:04 | Crear | Villager (Male) |
| 9:04 | Crear | Villager (Male) |
| 9:36 | Crear | Villager (Male) |
| 9:36 | Crear | Villager (Male) |
| 9:45 | Crear | Villager (Male) |
| 9:51 | Crear | Villager (Male) |
| 10:28 | Construir | Dock |
| 10:32 | Crear | Fishing Ship |
| 10:35 | Crear | Villager (Male) |
| 10:36 | Crear | Fishing Ship |
| 11:31 | Crear | Fishing Ship |
| 11:31 | Crear | Fishing Ship |
| 11:35 | Construir | House |
| 11:55 | Crear | Villager (Male) |
| 12:02 | Construir | Mining Camp |
| 12:09 | Crear | Villager (Male) |
| 12:18 | Construir | Mill |
| 12:32 | Crear | Fishing Ship |
| 12:32 | Crear | Fishing Ship |
| 12:37 | Investigar | Feudal Age |
| 12:46 | Crear | Fishing Ship |
| 12:46 | Crear | Fishing Ship |
| 13:04 | Construir | House |
| 13:14 | Construir | Lumber Camp |
| 13:56 | Crear | Villager (Male) |
| 14:21 | Construir | Dock |
| 14:55 | Edad | Edad Feudal |
| 14:59 | Investigar | Tech 906 |
| 15:01 | Crear | Villager (Male) |
| 15:07 | Construir | Market |
| 15:16 | Construir | Blacksmith |
| 16:11 | Investigar | Castle Age |
| 16:28 | Crear | Villager (Male) |
| 16:39 | Crear | Fire Galley |
| 16:40 | Crear | Fire Galley |
| 16:49 | Crear | Fire Galley |
| 16:54 | Construir | House |
| 16:56 | Investigar | Gold Mining |
| 17:05 | Investigar | Double-Bit Axe |
| 17:13 | Crear | Villager (Male) |
| 17:33 | Crear | Fire Galley |
| 17:33 | Crear | Fire Galley |
| 17:38 | Crear | Villager (Male) |
| 17:59 | Crear | Fire Galley |
| 18:09 | Crear | Fire Galley |
| 18:29 | Crear | Fire Galley |
| 18:35 | Crear | Fire Galley |
| 18:36 | Crear | Villager (Male) |
| 18:38 | Construir | House |
| 18:51 | Edad | Edad de los Castillos |
| 18:55 | Investigar | War Galley (upgrade) |
| 19:04 | Crear | Villager (Male) |
| 19:05 | Crear | Villager (Male) |
| 19:27 | Crear | Villager (Male) |
| 19:27 | Crear | Villager (Male) |
| 19:30 | Crear | Fire Galley |
| 19:30 | Crear | Fire Galley |
| 19:30 | Crear | Fire Galley |
| 19:35 | Crear | Villager (Male) |
| 19:36 | Crear | Villager (Male) |
| 19:58 | Investigar | Gillnets |
| 20:33 | Construir | University |
| 20:35 | Construir | House |
| 20:37 | Crear | Villager (Male) |
| 20:37 | Crear | Villager (Male) |
| 20:48 | Construir | House |
| 20:51 | Crear | Villager (Male) |
| 20:51 | Crear | Villager (Male) |
| 21:02 | Crear | Fire Galley |
| 21:02 | Crear | Fire Galley |
| 21:22 | Investigar | Tech 908 |
| 21:29 | Crear | Villager (Male) |
| 21:41 | Crear | Villager (Male) |
| 22:30 | Crear | Villager (Male) |
| 22:30 | Crear | Villager (Male) |
| 22:36 | Construir | Town Center |
| 22:37 | Crear | Villager (Male) |
| 22:37 | Crear | Villager (Male) |
| 22:38 | Crear | Villager (Male) |
| 22:38 | Crear | Villager (Male) |
| 22:38 | Crear | Villager (Male) |
| 22:56 | Crear | Villager (Male) |
| 22:57 | Crear | Villager (Male) |
| 23:13 | Investigar | Wheelbarrow |
| 23:30 | Investigar | Loom |
| 23:37 | Construir | Town Center |
| 23:39 | Crear | Villager (Male) |
| 23:39 | Crear | Villager (Male) |
| 23:39 | Crear | Villager (Male) |
| 23:54 | Crear | Villager (Male) |
| 24:14 | Crear | Villager (Male) |
| 24:15 | Construir | Farm |
| 24:15 | Construir | Farm |
| 24:15 | Construir | Farm |
| 24:16 | Construir | Farm |
| 24:16 | Construir | Farm |
| 24:16 | Construir | Farm |
| 24:19 | Crear | Villager (Male) |
| 24:21 | Crear | Villager (Male) |
| 24:35 | Crear | Villager (Male) |
| 24:38 | Construir | Farm |
| 24:38 | Construir | Farm |
| 24:38 | Construir | Farm |
| 24:38 | Construir | Farm |
| 24:40 | Crear | Villager (Male) |
| 24:40 | Crear | Villager (Male) |
| 24:59 | Crear | Villager (Male) |
| 25:12 | Crear | Villager (Male) |
| 25:12 | Crear | Villager (Male) |
| 25:23 | Crear | Villager (Male) |
Build order — 02288
Primeras 150 de 310 acciones detectadas
| 0:17 | Construir | Town Center |
| 1:42 | Construir | House |
| 2:36 | Crear | Villager (Male) |
| 2:37 | Crear | Villager (Male) |
| 2:37 | Crear | Villager (Male) |
| 2:37 | Crear | Villager (Male) |
| 2:38 | Crear | Villager (Male) |
| 4:12 | Construir | Dock |
| 4:21 | Investigar | Loom |
| 4:25 | Construir | House |
| 4:29 | Construir | House |
| 4:34 | Crear | Villager (Male) |
| 4:34 | Crear | Villager (Male) |
| 5:06 | Crear | Villager (Male) |
| 5:07 | Crear | Villager (Male) |
| 5:12 | Crear | Fishing Ship |
| 5:30 | Crear | Villager (Male) |
| 5:30 | Crear | Villager (Male) |
| 5:37 | Construir | House |
| 6:02 | Crear | Villager (Male) |
| 6:02 | Crear | Villager (Male) |
| 6:03 | Crear | Villager (Male) |
| 6:43 | Crear | Fishing Ship |
| 6:51 | Crear | Villager (Male) |
| 6:51 | Crear | Villager (Male) |
| 7:20 | Crear | Fishing Ship |
| 7:24 | Crear | Villager (Male) |
| 7:24 | Crear | Villager (Male) |
| 7:37 | Crear | Villager (Male) |
| 7:37 | Crear | Villager (Male) |
| 7:38 | Crear | Villager (Male) |
| 7:54 | Construir | House |
| 7:56 | Construir | House |
| 8:14 | Crear | Villager (Male) |
| 8:15 | Crear | Villager (Male) |
| 8:26 | Construir | Palisade Wall |
| 8:31 | Construir | Palisade Wall |
| 8:36 | Construir | Mill |
| 8:41 | Crear | Villager (Male) |
| 8:42 | Crear | Villager (Male) |
| 8:42 | Crear | Villager (Male) |
| 10:19 | Crear | Villager (Male) |
| 10:46 | Investigar | Feudal Age |
| 10:48 | Construir | Mining Camp |
| 11:30 | Crear | Villager (Male) |
| 11:30 | Crear | Villager (Male) |
| 12:10 | Construir | Lumber Camp |
| 12:26 | Construir | Dock |
| 12:47 | Crear | Villager (Male) |
| 12:47 | Crear | Villager (Male) |
| 12:47 | Crear | Villager (Male) |
| 12:56 | Edad | Edad Feudal |
| 12:59 | Crear | Galley |
| 13:05 | Crear | Galley |
| 13:05 | Crear | Galley |
| 13:05 | Crear | Galley |
| 13:46 | Crear | Galley |
| 13:49 | Crear | Villager (Male) |
| 13:50 | Crear | Villager (Male) |
| 14:08 | Crear | Villager (Male) |
| 14:22 | Crear | Galley |
| 14:24 | Crear | Villager (Male) |
| 14:27 | Construir | House |
| 14:34 | Investigar | Double-Bit Axe |
| 14:55 | Construir | House |
| 14:56 | Construir | House |
| 15:00 | Construir | House |
| 15:23 | Construir | Mining Camp |
| 15:53 | Crear | Galley |
| 15:53 | Crear | Galley |
| 15:54 | Crear | Galley |
| 16:31 | Construir | Blacksmith |
| 16:40 | Crear | Villager (Male) |
| 16:40 | Crear | Villager (Male) |
| 16:41 | Crear | Villager (Male) |
| 16:45 | Investigar | Gold Mining |
| 16:56 | Investigar | Tech 906 |
| 17:11 | Crear | Villager (Male) |
| 17:12 | Crear | Villager (Male) |
| 17:31 | Construir | Market |
| 17:34 | Construir | Stone Wall |
| 17:35 | Construir | Stone Wall |
| 17:58 | Construir | Lumber Camp |
| 18:09 | Crear | Galley |
| 18:09 | Crear | Galley |
| 18:28 | Construir | House |
| 18:29 | Construir | House |
| 18:32 | Construir | House |
| 18:34 | Construir | House |
| 19:00 | Investigar | Castle Age |
| 19:00 | Investigar | Castle Age |
| 19:01 | Crear | Galley |
| 19:01 | Crear | Galley |
| 19:01 | Crear | Galley |
| 19:07 | Crear | Galley |
| 19:07 | Crear | Galley |
| 19:07 | Crear | Galley |
| 19:32 | Construir | Dock |
| 19:54 | Crear | Galley |
| 19:54 | Crear | Galley |
| 20:14 | Investigar | Fletching |
| 20:22 | Crear | Galley |
| 20:22 | Crear | Galley |
| 21:01 | Crear | Galley |
| 21:02 | Crear | Galley |
| 21:36 | Crear | Fishing Ship |
| 21:37 | Crear | Fishing Ship |
| 21:37 | Crear | Fishing Ship |
| 21:37 | Crear | Fishing Ship |
| 21:40 | Edad | Edad de los Castillos |
| 21:50 | Investigar | War Galley (upgrade) |
| 21:50 | Investigar | War Galley (upgrade) |
| 22:34 | Investigar | Bodkin Arrow |
| 22:39 | Crear | Galley |
| 22:40 | Crear | Galley |
| 22:40 | Crear | Galley |
| 22:41 | Crear | Galley |
| 22:41 | Crear | Galley |
| 23:09 | Crear | Galley |
| 23:09 | Crear | Galley |
| 23:10 | Crear | Galley |
| 23:13 | Crear | Villager (Male) |
| 23:13 | Crear | Villager (Male) |
| 23:34 | Crear | Galley |
| 23:34 | Crear | Galley |
| 23:34 | Crear | Galley |
| 23:46 | Crear | Galley |
| 23:46 | Crear | Galley |
| 23:47 | Crear | Galley |
| 24:07 | Crear | Galley |
| 24:07 | Crear | Galley |
| 24:08 | Crear | Galley |
| 24:13 | Crear | Villager (Male) |
| 24:13 | Crear | Villager (Male) |
| 24:13 | Crear | Villager (Male) |
| 24:23 | Crear | Galley |
| 24:24 | Crear | Galley |
| 24:24 | Crear | Galley |
| 24:36 | Construir | Castle |
| 24:45 | Crear | Galley |
| 24:46 | Crear | Galley |
| 25:22 | Crear | Villager (Male) |
| 25:23 | Crear | Villager (Male) |
| 25:25 | Construir | University |
| 25:36 | Crear | Galley |
| 25:37 | Crear | Galley |
| 25:37 | Crear | Galley |
| 26:05 | Crear | Galley |
| 26:19 | Crear | Galley |
| 26:20 | Crear | Galley |
Build order — thebossman
Primeras 150 de 366 acciones detectadas
| 0:35 | Construir | Town Center |
| 0:43 | Construir | Dock |
| 0:44 | Construir | House |
| 2:45 | Crear | Villager (Male) |
| 2:45 | Crear | Villager (Male) |
| 2:45 | Crear | Villager (Male) |
| 2:45 | Crear | Villager (Male) |
| 2:46 | Crear | Villager (Male) |
| 2:52 | Crear | Fishing Ship |
| 4:07 | Construir | House |
| 4:13 | Crear | Villager (Male) |
| 5:04 | Crear | Villager (Male) |
| 5:54 | Construir | House |
| 6:06 | Crear | Villager (Male) |
| 6:06 | Crear | Villager (Male) |
| 6:27 | Crear | Villager (Male) |
| 6:35 | Crear | Fishing Ship |
| 7:23 | Crear | Villager (Male) |
| 7:24 | Crear | Villager (Male) |
| 7:34 | Construir | House |
| 7:41 | Crear | Villager (Male) |
| 7:41 | Crear | Villager (Male) |
| 8:03 | Investigar | Loom |
| 8:36 | Construir | House |
| 8:38 | Crear | Fishing Ship |
| 8:42 | Crear | Villager (Male) |
| 8:42 | Crear | Villager (Male) |
| 8:42 | Crear | Villager (Male) |
| 9:48 | Crear | Villager (Male) |
| 9:56 | Construir | Mill |
| 10:34 | Crear | Villager (Male) |
| 10:37 | Investigar | Feudal Age |
| 11:01 | Crear | Fishing Ship |
| 11:13 | Crear | Villager (Male) |
| 11:30 | Construir | House |
| 11:34 | Crear | Fishing Ship |
| 12:24 | Construir | Mill |
| 12:41 | Edad | Edad Feudal |
| 12:51 | Crear | Villager (Male) |
| 12:52 | Crear | Villager (Male) |
| 13:18 | Crear | Villager (Male) |
| 13:24 | Construir | Market |
| 13:32 | Construir | Blacksmith |
| 13:55 | Construir | Mill |
| 14:12 | Crear | Fishing Ship |
| 14:25 | Crear | Villager (Male) |
| 14:25 | Crear | Villager (Male) |
| 14:33 | Construir | House |
| 14:35 | Construir | House |
| 15:10 | Crear | Villager (Male) |
| 15:23 | Construir | Lumber Camp |
| 15:45 | Investigar | Castle Age |
| 15:50 | Investigar | Horse Collar |
| 16:35 | Crear | Villager (Male) |
| 16:35 | Crear | Villager (Male) |
| 16:46 | Crear | Villager (Male) |
| 16:46 | Crear | Villager (Male) |
| 17:28 | Crear | Fishing Ship |
| 17:38 | Investigar | Double-Bit Axe |
| 17:53 | Crear | Villager (Male) |
| 18:10 | Edad | Edad de los Castillos |
| 18:13 | Construir | Town Center |
| 19:29 | Crear | Villager (Male) |
| 19:29 | Crear | Villager (Male) |
| 19:40 | Construir | Mill |
| 19:48 | Crear | Villager (Male) |
| 19:49 | Crear | Villager (Male) |
| 19:49 | Crear | Villager (Male) |
| 19:56 | Construir | Town Center |
| 20:05 | Investigar | Bow Saw |
| 20:11 | Crear | Villager (Male) |
| 20:11 | Crear | Villager (Male) |
| 20:11 | Crear | Villager (Male) |
| 20:12 | Crear | Villager (Male) |
| 20:16 | Crear | Villager (Male) |
| 20:16 | Crear | Villager (Male) |
| 20:16 | Crear | Villager (Male) |
| 20:29 | Construir | House |
| 20:30 | Construir | House |
| 20:45 | Crear | Villager (Male) |
| 20:52 | Crear | Villager (Male) |
| 20:52 | Crear | Villager (Male) |
| 21:19 | Construir | Farm |
| 21:20 | Construir | Farm |
| 21:21 | Construir | Farm |
| 21:22 | Construir | Farm |
| 21:23 | Construir | Farm |
| 21:28 | Crear | Villager (Male) |
| 21:28 | Crear | Villager (Male) |
| 21:35 | Construir | Farm |
| 21:36 | Construir | Farm |
| 21:37 | Construir | Farm |
| 21:56 | Crear | Villager (Male) |
| 21:56 | Crear | Villager (Male) |
| 22:17 | Crear | Villager (Male) |
| 22:17 | Crear | Villager (Male) |
| 22:17 | Crear | Villager (Male) |
| 22:18 | Crear | Villager (Male) |
| 22:33 | Construir | Farm |
| 22:36 | Construir | Farm |
| 22:37 | Construir | Farm |
| 22:38 | Construir | Farm |
| 22:39 | Construir | Farm |
| 22:41 | Construir | Farm |
| 22:42 | Construir | Farm |
| 22:43 | Construir | Farm |
| 22:47 | Construir | Farm |
| 22:53 | Crear | Villager (Male) |
| 22:53 | Crear | Villager (Male) |
| 22:53 | Crear | Villager (Male) |
| 22:54 | Crear | Villager (Male) |
| 23:13 | Construir | Farm |
| 23:15 | Construir | Farm |
| 23:20 | Construir | Farm |
| 23:26 | Crear | Villager (Male) |
| 23:26 | Crear | Villager (Male) |
| 23:27 | Crear | Villager (Male) |
| 23:32 | Construir | House |
| 23:36 | Construir | House |
| 23:37 | Construir | House |
| 23:41 | Construir | Farm |
| 23:44 | Construir | House |
| 23:45 | Construir | House |
| 23:48 | Construir | House |
| 23:56 | Construir | House |
| 23:57 | Construir | House |
| 24:02 | Crear | Villager (Male) |
| 24:02 | Crear | Villager (Male) |
| 24:03 | Crear | Villager (Male) |
| 24:03 | Crear | Villager (Male) |
| 24:12 | Construir | Farm |
| 24:15 | Crear | Villager (Male) |
| 24:16 | Crear | Villager (Male) |
| 24:16 | Crear | Villager (Male) |
| 24:48 | Construir | University |
| 24:55 | Construir | House |
| 25:01 | Construir | Monastery |
| 25:14 | Construir | Farm |
| 25:15 | Construir | Farm |
| 25:16 | Construir | Farm |
| 25:17 | Construir | Farm |
| 25:18 | Construir | Farm |
| 25:23 | Construir | Farm |
| 25:34 | Crear | Villager (Male) |
| 25:35 | Crear | Villager (Male) |
| 25:35 | Crear | Villager (Male) |
| 25:35 | Crear | Villager (Male) |
| 25:35 | Crear | Villager (Male) |
| 25:36 | Crear | Villager (Male) |
| 25:36 | Crear | Villager (Male) |
Build order — 十年仍菜
Primeras 150 de 338 acciones detectadas
| 0:10 | Construir | House |
| 0:46 | Construir | Town Center |
| 0:53 | Construir | Town Center |
| 1:33 | Construir | Dock |
| 2:19 | Construir | Palisade Wall |
| 2:20 | Construir | Palisade Wall |
| 2:21 | Construir | Palisade Wall |
| 2:22 | Construir | Palisade Wall |
| 2:41 | Construir | Palisade Wall |
| 2:59 | Crear | Villager (Male) |
| 2:59 | Crear | Villager (Male) |
| 3:00 | Crear | Villager (Male) |
| 3:00 | Crear | Villager (Male) |
| 3:01 | Crear | Villager (Male) |
| 4:28 | Crear | Villager (Male) |
| 4:28 | Crear | Villager (Male) |
| 4:42 | Construir | House |
| 5:14 | Investigar | Loom |
| 5:29 | Crear | Villager (Male) |
| 5:29 | Crear | Villager (Male) |
| 5:30 | Crear | Villager (Male) |
| 5:47 | Crear | Fishing Ship |
| 6:04 | Crear | Villager (Male) |
| 6:04 | Crear | Villager (Male) |
| 6:04 | Crear | Villager (Male) |
| 6:11 | Construir | House |
| 6:20 | Crear | Villager (Male) |
| 6:20 | Crear | Villager (Male) |
| 6:41 | Crear | Fishing Ship |
| 6:54 | Crear | Villager (Male) |
| 6:54 | Crear | Villager (Male) |
| 6:54 | Crear | Villager (Male) |
| 7:11 | Crear | Villager (Male) |
| 7:11 | Crear | Villager (Male) |
| 7:12 | Crear | Villager (Male) |
| 7:34 | Crear | Villager (Male) |
| 7:34 | Crear | Villager (Male) |
| 7:41 | Construir | House |
| 7:53 | Crear | Fishing Ship |
| 7:56 | Construir | House |
| 8:07 | Crear | Villager (Male) |
| 8:07 | Crear | Villager (Male) |
| 8:12 | Crear | Villager (Male) |
| 8:12 | Crear | Villager (Male) |
| 8:12 | Crear | Villager (Male) |
| 8:16 | Construir | House |
| 8:35 | Crear | Villager (Male) |
| 8:35 | Crear | Villager (Male) |
| 8:39 | Construir | Lumber Camp |
| 8:41 | Construir | House |
| 8:59 | Crear | Villager (Male) |
| 9:14 | Construir | House |
| 9:20 | Crear | Fishing Ship |
| 9:36 | Crear | Villager (Male) |
| 9:36 | Crear | Villager (Male) |
| 9:36 | Crear | Villager (Male) |
| 9:53 | Construir | Mill |
| 9:57 | Crear | Villager (Male) |
| 9:57 | Crear | Villager (Male) |
| 9:57 | Crear | Villager (Male) |
| 10:13 | Crear | Villager (Male) |
| 10:13 | Crear | Villager (Male) |
| 11:11 | Construir | Mining Camp |
| 11:19 | Crear | Villager (Male) |
| 12:04 | Investigar | Feudal Age |
| 12:05 | Investigar | Feudal Age |
| 12:19 | Construir | House |
| 12:27 | Construir | House |
| 13:18 | Crear | Villager (Male) |
| 13:19 | Crear | Villager (Male) |
| 13:19 | Crear | Villager (Male) |
| 13:27 | Construir | Barracks |
| 14:14 | Edad | Edad Feudal |
| 14:18 | Construir | Market |
| 14:27 | Construir | Stable |
| 14:48 | Crear | Fishing Ship |
| 14:48 | Crear | Fishing Ship |
| 15:05 | Construir | House |
| 15:25 | Construir | Gate |
| 15:38 | Construir | House |
| 15:47 | Investigar | Castle Age |
| 16:07 | Investigar | Double-Bit Axe |
| 16:15 | Construir | House |
| 16:16 | Construir | House |
| 16:34 | Construir | House |
| 16:52 | Investigar | Stone Mining |
| 16:54 | Investigar | Horse Collar |
| 17:00 | Construir | House |
| 17:07 | Construir | Stone Wall |
| 17:56 | Construir | Farm |
| 17:57 | Construir | Farm |
| 18:27 | Edad | Edad de los Castillos |
| 18:37 | Construir | Gate |
| 18:46 | Construir | Town Center |
| 18:51 | Crear | Villager (Male) |
| 19:06 | Construir | Castle |
| 19:25 | Crear | Villager (Male) |
| 19:30 | Investigar | Wheelbarrow |
| 19:57 | Construir | House |
| 19:59 | Construir | House |
| 20:02 | Construir | Stone Wall |
| 20:18 | Crear | Villager (Male) |
| 20:20 | Construir | Farm |
| 20:21 | Construir | Farm |
| 20:22 | Crear | Villager (Male) |
| 21:08 | Construir | Town Center |
| 21:13 | Crear | Villager (Male) |
| 21:14 | Crear | Villager (Male) |
| 21:16 | Crear | Villager (Male) |
| 21:16 | Crear | Villager (Male) |
| 21:21 | Construir | Farm |
| 21:24 | Construir | Farm |
| 21:27 | Construir | Farm |
| 21:29 | Construir | Farm |
| 21:33 | Crear | Villager (Male) |
| 22:00 | Construir | Farm |
| 22:03 | Construir | Farm |
| 22:05 | Construir | Farm |
| 22:08 | Crear | Villager (Male) |
| 22:08 | Crear | Villager (Male) |
| 22:09 | Crear | Villager (Male) |
| 22:24 | Crear | Villager (Male) |
| 22:30 | Construir | Farm |
| 22:33 | Construir | Farm |
| 22:36 | Construir | Farm |
| 22:37 | Crear | Villager (Male) |
| 22:52 | Construir | Farm |
| 22:54 | Crear | Villager (Male) |
| 22:55 | Crear | Villager (Male) |
| 22:55 | Crear | Villager (Male) |
| 22:59 | Construir | Farm |
| 23:04 | Construir | Farm |
| 23:07 | Crear | Villager (Male) |
| 23:07 | Crear | Villager (Male) |
| 23:16 | Construir | Farm |
| 23:21 | Crear | Villager (Male) |
| 23:24 | Construir | Farm |
| 23:31 | Construir | Farm |
| 23:34 | Crear | Villager (Male) |
| 23:35 | Crear | Villager (Male) |
| 23:38 | Crear | Villager (Male) |
| 23:49 | Construir | Mining Camp |
| 23:51 | Crear | Villager (Male) |
| 24:01 | Crear | Villager (Male) |
| 24:02 | Crear | Villager (Male) |
| 24:03 | Crear | Villager (Male) |
| 24:08 | Crear | Villager (Male) |
| 24:09 | Crear | Villager (Male) |
| 24:13 | Construir | Farm |
| 24:22 | Construir | Farm |
Cronología de la partida
| 0:04 | CKWeather · first_building Dock |
| 0:43 | thebossman · first_building Dock |
| 1:13 | Leo713 · first_building Dock |
| 1:33 | 十年仍菜 · first_building Dock |
| 2:19 | 十年仍菜 · wall_segment Palisade Wall x1 |
| 2:20 | 十年仍菜 · wall_segment Palisade Wall x1 |
| 2:21 | 十年仍菜 · wall_segment Palisade Wall x1 |
| 2:22 | 十年仍菜 · wall_segment Palisade Wall x1 |
| 2:41 | 十年仍菜 · wall_segment Palisade Wall x1 |
| 4:10 | drkbeer · first_building Dock |
| 4:12 | 02288 · first_building Dock |
| 8:26 | 02288 · wall_segment Palisade Wall x1 |
| 8:31 | 02288 · wall_segment Palisade Wall x9 |
| 9:52 | CKWeather · wall_segment Palisade Wall x1 |
| 11:40 | Leo713 · age_up feudal |
| 11:48 | Leo713 · wall_segment Palisade Wall x1 |
| 12:41 | thebossman · age_up feudal |
| 12:56 | 02288 · age_up feudal |
| 12:57 | Leo713 · wall_segment Palisade Wall x1 |
| 13:10 | CKWeather · first_building Barracks |
| 13:27 | 十年仍菜 · first_building Barracks |
| 14:02 | Leo713 · wall_segment Palisade Wall x3 |
| 14:14 | 十年仍菜 · age_up feudal |
| 14:27 | 十年仍菜 · first_building Stable |
| 14:55 | drkbeer · age_up feudal |
| 15:07 | CKWeather · age_up feudal |
| 15:44 | 十年仍菜 · first_market_sell 100 stone |
| 16:51 | CKWeather · first_building Stable |
| 17:07 | 十年仍菜 · wall_segment Stone Wall x16 |
| 17:34 | 02288 · wall_segment Stone Wall x1 |
| 17:35 | 02288 · wall_segment Stone Wall x1 |
| 18:10 | thebossman · age_up castle |
| 18:21 | drkbeer · first_market_buy 100 wood |
| 18:22 | Leo713 · first_market_buy 100 food |
| 18:27 | 十年仍菜 · age_up castle |
| 18:42 | Leo713 · first_building Barracks |
| 18:51 | drkbeer · age_up castle |
| 19:06 | 十年仍菜 · first_building Castle |
| 19:54 | Leo713 · first_building Stable |
| 20:02 | 十年仍菜 · wall_segment Stone Wall x3 |
| 20:36 | CKWeather · age_up castle |
| 20:40 | CKWeather · first_building Krepost |
| 21:01 | Leo713 · age_up castle |
| 21:11 | Leo713 · first_building Castle |
| 21:40 | 02288 · age_up castle |
| 22:00 | Leo713 · first_building Monastery |
| 22:33 | 02288 · first_market_buy 100 food |
| 24:32 | CKWeather · first_building Siege Workshop |
| 24:36 | 02288 · first_building Castle |
| 25:01 | thebossman · first_building Monastery |
| 25:01 | Leo713 · first_building Siege Workshop |
| 25:08 | thebossman · tribute_sent a jugador 1 |
| 25:08 | thebossman · tribute_sent a jugador 2 |
| 25:08 | thebossman · tribute_sent a jugador 3 |
| 25:08 | thebossman · tribute_sent a jugador 4 |
| 25:08 | thebossman · tribute_sent a jugador 6 |
| 26:03 | Leo713 · first_market_sell 100 wood |
| 26:16 | drkbeer · first_market_sell 100 wood |
| 26:35 | drkbeer · first_building Castle |
| 28:46 | drkbeer · first_building Siege Workshop |
| 29:27 | thebossman · wall_segment Stone Wall x10 |
| 29:40 | thebossman · wall_segment Stone Wall x11 |
| 30:04 | thebossman · tribute_sent a jugador 1 |
| 30:04 | thebossman · tribute_sent a jugador 2 |
| 30:04 | thebossman · tribute_sent a jugador 3 |
| 30:04 | thebossman · tribute_sent a jugador 4 |
| 30:04 | thebossman · tribute_sent a jugador 6 |
| 30:32 | thebossman · first_building Barracks |
| 30:47 | thebossman · first_building Castle |
| 31:01 | 十年仍菜 · age_up imperial |
| 31:11 | thebossman · wall_segment Stone Wall x6 |
| 31:25 | thebossman · wall_segment Stone Wall x11 |
| 31:40 | thebossman · first_building Stable |
| 31:43 | thebossman · age_up imperial |
| 34:08 | CKWeather · first_building Castle |
| 34:30 | Leo713 · wall_segment Stone Wall x11 |
| 34:58 | 02288 · first_building Barracks |
| 35:40 | drkbeer · first_building Barracks |
| 35:42 | 02288 · first_building Stable |
| 35:43 | 02288 · first_building Archery Range |
| 36:11 | Leo713 · age_up imperial |
| 40:02 | 02288 · wall_segment Stone Wall x13 |
| 40:13 | Leo713 · first_building Archery Range |
| 40:27 | 02288 · age_up imperial |
| 42:36 | CKWeather · age_up imperial |
| 42:48 | CKWeather · resign |
[ ANÁLISIS IA · 1 CRÉDITO ]
¿Qué pasó realmente en esta partida?
Wolo.gg analiza cada decisión: build order, eco, micro, errores típicos por bracket. Análisis personalizado por WhatsApp o Discord en 30 segundos.
Guía civ
Búlgaros
Perfil
Jugador #685120